 Dungeon Sprint DCSS version 0.30.1-11-g7821555f0a (webtiles) character file.

Game seed: 10538149231236789320

22285 Gladio the Eclecticist (level 13, -1/111 HPs)
             Began as a Djinni Fire Elementalist on Oct 30, 2023.
             Was a Follower of Ashenzari.
             Slain by an azure jelly (9 damage)
             ... in the Dungeon (Sprint V: "Ziggurat Sprint").
             The game lasted 00:09:47 (1378 turns).

Gladio the Eclecticist (Djinni Fire Elementalist)   Turns: 1378, Time: 00:09:47

Health: -1/111     AC:  6    Str:  7    XL:     13   Next: 26%
Gold:   0          EV:  4    Int: 44    God:    Ashenzari [*.....] SH: 30 Dex: 13

rFire   + + +        A - +6 Majin-Bo {spellvamp, MP+6 Int+6, Evo, Self} (curse)
rCold   x . .        y - +18 shield of the Gong {Loud rN+ Will+ rCorr EV-5}
rNeg    + . .        F - +2 robe {rF+}
rPois   ∞            E - +1 helmet of Ashenzari's Moon {Int+3, Fort, Melee} (curse)
rElec   .            (no cloak)
rCorr   +            (no gloves)
SInv    .            (boots unavailable)
Will    ++...        j - amulet of reflection
Stlth   ++           q - +6 ring of intelligence
HPRegen 0.38/turn    r - +6 ring of intelligence
MPRegen 0.00/turn

%: no teleportation, reflection, infuse magic (-2 HP)
@: flying, studying Dodging
A: sickness immunity, fire resistance 2, cold vulnerability 1, float, innate
caster, HP casting, extra vitality 1
a: Renounce Religion, Shatter the Chains


You were in the Dungeon.
You worshipped Ashenzari.
Ashenzari was aware of your devotion.
You visited 1 branch

Inventory:

Hand Weapons
 A - the cursed +6 Majin-Bo (weapon) {spellvamp, MP+6 Int+6, Evo, Self}
   (You found it in the Dungeon)

   Int:       It affects your intelligence (+6).
   MP:        It affects your magic capacity (+6).
   It has a curse which improves the following skills: Evocations: Evocations.
   Introspection: Fighting and Spellcasting.
Armour
 x - the +15 Maxwell's patent armour {-Cast -Tele rElec Will+ rCorr}
   (You found it in the Dungeon)

   rElec:     It insulates you from electricity.
   -Cast:     It prevents spellcasting.
   -Tele:     It prevents most forms of teleportation.
   rCorr:     It protects you from acid and corrosion.
   Will:      It increases your willpower.
 y - the +18 shield of the Gong (worn) {Loud rN+ Will+ rCorr EV-5}
   (You found it in the Dungeon)

   Loud:      It is deafeningly noisy when blocking attacks.
   EV:        It affects your evasion (-5).
   rN:        It protects you from negative energy.
   rCorr:     It protects you from acid and corrosion.
   Will:      It increases your willpower.
 B - a +3 buckler
 E - the cursed +1 helmet of Ashenzari's Moon (worn) {Int+3, Fort, Melee}
   (You found it in the Dungeon)

   It has a curse which improves the following skills: Fortitude: Armour and
   Shields.
   Melee Combat: Short Blades, Long Blades, Axes, Maces & Flails, Polearms,
   Staves and Unarmed Combat.
 F - a +2 robe of fire resistance (worn)
Magical Staves
 D - the staff of death "Ywuesex" {rPois rN+ Will++ Int-2 SInv}
   (You found it in the Dungeon)

   [staff of death]

   Your inability to study Necromancy prevents you from drawing on the full
   power of this staff in melee.
   Base accuracy: +5 Base damage: 5 Base attack delay: 1.2 This weapon's minimum
   attack delay (0.6) is reached at skill level 12.
   Int:       It affects your intelligence (-2).
   rPois:     It protects you from poison.
   rN:        It protects you from negative energy.
   SInv:      It lets you see invisible.
   Will:      It greatly increases your willpower.
   It falls into the 'Staves' category.
   It is a one-handed weapon.
Jewellery
 j - an amulet of reflection (around neck)
 q - a +6 ring of intelligence (left hand)
 r - a +6 ring of intelligence (right hand)
 O - the ring "Ycyomoc" {Fly rN+ Int+3}
   (You found it in the Dungeon)

   [ring of flight]

   Int:       It affects your intelligence (+3).
   rN:        It protects you from negative energy.
   Fly:       It grants you flight.
Wands
 a - a wand of roots (6)
 u - a wand of paralysis (6)
 v - a wand of mindburst (13)
 w - a wand of quicksilver (15)
 G - a wand of flame (29)
 I - a wand of polymorph (6)
Scrolls
 f - 4 scrolls of blinking
 l - 7 scrolls of fog
 m - 5 scrolls of identify
 n - 2 scrolls of fear
 M - a scroll of brand weapon
Potions
 b - 7 potions of curing
 c - 8 potions of heal wounds
 d - 14 potions of haste
 e - 3 potions of berserk rage
 g - 2 potions of brilliance
 h - a potion of invisibility
 i - 4 potions of resistance
 k - 5 potions of might


   Skills:
 + Level 15.9(16.6) Fighting
 + Level 14.4(15.1) Long Blades
 - Level 2.1 Dodging
 - Level 1.5 Stealth
 * Level 17.5(18.1) Spellcasting


You knew the following spells:

 Your Spells              Type           Power      Damage    Failure   Level
a - Foxfire               Conj/Fire      100%       2x1d9     0%          1
b - Scorch                Fire           100%       2d9       0%          2
c - Volatile Blastmotes   Fire/Tloc      100%       2d18      0%          3
d - Inner Flame           Hex/Fire       100%       N/A       0%          3
e - Flame Wave            Conj/Fire      100%       2d21      1%          4
f - Slow                  Hex            100%       N/A       0%          1
g - Poisonous Vapours     Pois/Air       100%       N/A       0%          2
h - Summon Guardian Gole  Hex/Summ       100%       N/A       0%          3
i - Airstrike             Air            58%        2d(9-25)  1%          4
j - Animate Dead          Necr           100%       N/A       1%          4
k - Irradiate             Conj/Tmut      58%        3d31      1%          5
Your spell library was empty.

Dungeon Overview and Level Annotations

Branches:
Dungeon (1/1)

Altars:
Ashenzari
Cheibriados
Dithmenos
Elyvilon
Fedhas
Gozag
Hepliaklqana
Makhleb
Nemelex Xobeh
Okawaru
Qazlal
Ru
Trog
Uskayaw
Wu Jian
Xom
Yredelemnul
Zin
The Shining One
Jiyva
Lugonu


Innate Abilities, Weirdness & Mutations

You are immune to sickness and miasma.
You are immune to poison.
Your flesh is very heat resistant. (rF++)
You are vulnerable to cold. (rC-)
You float through the air rather than walking.
You learn spells naturally, not from books.
Your magical power is your life essence.
You have superior vitality. (+4 MHP)


Message History

You feel better.
The great orb of eyes is almost dead.
The flame wave engulfs the rockslime.
The rockslime resists.
The rockslime is lightly wounded.
The flame wave engulfs the slime creature!!
You kill the slime creature!
The flame wave engulfs the azure jelly!!
The azure jelly is burned terribly!
The azure jelly is moderately wounded.
The great orb of eyes gazes at you. You resist with almost no effort.
A rockslime comes into view.
The rockslime hits you!!
You are shoved backwards!
The rockslime moves out of view.
Unknown command.
The golden eye blinks at you. You resist with almost no effort.
You block the rockslime's attack.
BOUMMMMG!
The azure jelly hits you but does no damage.
You block the azure jelly's attack.
GONNNNG!
You block the azure jelly's attack.
PTOANNNG!
The azure jelly hits you but does no damage.
The golden eye blinks at you.
You are confused.
The rockslime jiggles.
The rockslime hits you!!
You hold your ground!
The great orb of eyes bites you.
The azure jelly hits you but does no damage. x3
The azure jelly hits you.
You feel better. You block the rockslime's attack.
GONNNNG!
The great orb of eyes bites you but does no damage.
The azure jelly hits you. The azure jelly freezes you!!!
You feel a terrible chill!
* * * LOW HITPOINT WARNING * * *
You block the azure jelly's attack.
GONNNNG!
The azure jelly hits you!
You die...

▓..|!:)||)..▓▓..)..▓....
▓...........▓▓.....▓....
▓...........▓▓.†††.▓....
▓....GJ.J...▓▓.....▓....
▓......J....▓▓..©..▓..©.
▓.....GJ....▓▓▓▓▓▓▓▓▓▓▓▓
▓....JGGJ...▓..8©8...▓..
▓.....GJJ...▓..))?...▓..
▓.....©@....▓...)....▓..
▓▓▓▓▓▓▓▓▓▓▓▓▓........▓..
▓..).8©8....▓..))....▓..
▓......:|)..▓.▓)...▓.▓.▓
▓...:.)|:...▓...©....▓..
▓...........▓▓▓▓▓▓▓▓▓▓▓▓
▓...........▓...8©8...▓.
▓...........▓..:=.|...▓.
▓...†.......▓...|:)...▓.


You could see an acid blob, 2 azure jellies, 2 great orbs of eyes, 3 rockslimes,
2 shining eyes, a jelly, a golden eye and an endoplasm.

Vanquished Creatures
  2 very ugly things (D)
  A vampire knight (D)
  A catoblepas (D)
  A shock serpent (shapeshifter) (D)
  A skeletal warrior (D)
  A skyshark (shapeshifter) (D)
  A deep troll (shapeshifter) (D)
  2 harpies (shapeshifter) (D)
  An ironbound convoker (D)
  2 ugly things (D)
  2 shining eyes (shapeshifter) (D)
  A shining eye (D)
  A black mamba (shapeshifter) (D)
  A water nymph (shapeshifter) (D)
  A guardian serpent (shapeshifter) (D)
  An eye of devastation (D)
  A vault sentinel (D)
  A cane toad (shapeshifter) (D)
  A rime drake (D)
  A komodo dragon (D)
  A yaktaur (shapeshifter) (D)
  2 merfolk (D)
  2 wind drakes (D)
  2 slime creatures (D)
  2 snapping turtles (shapeshifter) (D)
  A spriggan (D)
  A spriggan (shapeshifter) (D)
  2 wyverns (D)
  3 air elementals (D)
  A culicivora (shapeshifter) (D)
  A basilisk (D)
  A golden eye (D)
  2 yaks (D)
  3 neqoxecs (D)
  4 water moccasins (D)
  A floating eye (D)
  A black bear (D)
  A centaur (D)
  6 wolves (D)
  3 phantoms (D)
  2 bullfrogs (D)
  3 necrophages (D)
  4 wights (D)
  3 jellies (D)
  An orc priest (D)
  An iguana (D)
  An orc wizard (D)
  A river rat (D)
  2 adder zombies (D)
  An adder skeleton (D)
  2 orcs (D)
  2 bat zombies (D)
  2 endoplasms (D)
  4 jackals (D)
  A ball python skeleton (D)
  A ball python zombie (D)
  A giant cockroach zombie (D)
  A jackal zombie (D)
  2 quokka skeletons (D)
99 creatures vanquished.

Vanquished Creatures (others)
  A black bear (D)
  A centaur (D)
2 creatures vanquished.

Grand Total: 101 creatures vanquished

Notes
Turn   | Place    | Note
-------+----------+-------------------------------------------
     0 | D        | Gladio the Djinni Fire Elementalist began the quest for the
                  | Orb.
     0 | D        | Gladio set off with the following spells memorised:
                  | Foxfire, Scorch, Volatile Blastmotes, Inner Flame, Flame
                  | Wave.
     0 | D        | Reached XP level 1. HP: 15/15 MP: 0/0
     0 | D        | Found a sacrificial altar of Ru.
     0 | D        | Found a bloodstained altar of Trog.
     0 | D        | Found a stormy altar of Qazlal.
     0 | D        | Found an iron altar of Okawaru.
     0 | D        | Found a sparkling altar of Nemelex Xobeh.
     0 | D        | Found a blossoming altar of Fedhas.
     0 | D        | Found the +6 Majin-Bo {spellvamp, MP+6 Int+6}
     0 | D        | Found the +27 heavy crossbow "Sniper" {heavy, Acc+∞ SInv}
     0 | D        | Found the +10 dark maul {heavy}
     0 | D        | Found the +15 Maxwell's patent armour {-Cast -Tele rElec
                  | Will+ rCorr}
     0 | D        | Found the +18 shield of the Gong {Loud rN+ Will+ rCorr
                  | EV-5}
     0 | D        | Found the +16 obsidian axe {drain, demonic, Mesm Drain Fly
                  | SInv}
     0 | D        | Found the +7 great mace "Firestarter" {flame, immolate,
                  | rFlCloud rF++}
     0 | D        | Found the +6 shillelagh "Devastator" {shatter}
     0 | D        | Found the +11 plutonium sword {Contam Stlth-}
     0 | D        | Found the +8 lance "Wyrmbane" {slay drac, rPois rF+ rC+
                  | AC+3}
     0 | D        | Found the +9 sword of Zonguldrok {reap}
     0 | D        | Found the +13 scythe of Curses {drain, curses, Drain}
     0 | D        | Found the +9 sword of Power {lifebolt}
     0 | D        | Found the +7 mace of Variability {chaos, chaos arc}
     0 | D        | Found the +11 Singing Sword {sonic wave}
     0 | D        | Found the +8 storm bow {elec, penet}
     2 | D        | Found a transporter.
     2 | D        | Found a viscous altar of Jiyva.
     2 | D        | Found a corrupted altar of Lugonu.
     2 | D        | Found a hazy altar of Hepliaklqana.
     2 | D        | Found a burning altar of Makhleb.
     2 | D        | Found an opulent altar of Gozag.
    78 | D        | Became a worshipper of Ashenzari the Shackled
    94 | D        | Entered arena 2.
    94 | D        | Noticed an ironbound convoker
    94 | D        | Noticed a vault sentinel
    94 | D        | Found a transporter.
    99 | D        | Killed an ironbound convoker
    99 | D        | Killed a vault sentinel
   100 | D        | Reached skill level 9 in Spellcasting
   100 | D        | Reached XP level 2. HP: 32/32 MP: 0/0
   100 | D        | Reached XP level 3. HP: 37/37 MP: 0/0
   100 | D        | Learned a level 1 spell: Slow
   100 | D        | Reached XP level 4. HP: 43/43 MP: 0/0
   100 | D        | Reached XP level 5. HP: 48/48 MP: 0/0
   100 | D        | Learned a level 2 spell: Poisonous Vapours
   100 | D        | Reached XP level 6. HP: 54/54 MP: 0/0
   100 | D        | Reached XP level 7. HP: 59/59 MP: 0/0
   100 | D        | Learned a level 3 spell: Summon Guardian Golem
   100 | D        | Reached XP level 8. HP: 65/65 MP: 0/0
   107 | D        | Entered arena 3.
   107 | D        | Noticed an air elemental
   107 | D        | Noticed an air elemental
   107 | D        | Noticed an air elemental
   107 | D        | Found a transporter.
   107 | D        | Paralysed by an air elemental for 1 turns
   111 | D        | Killed an air elemental
   113 | D        | Killed an air elemental
   114 | D        | Reached skill level 10 in Spellcasting
   116 | D        | Paralysed by an air elemental for 1 turns
   117 | D        | Killed an air elemental
   126 | D        | Got the staff of death "Ywuesex" {rPois rN+ Will++ Int-2
                  | SInv}
   219 | D        | Entered arena 4.
   219 | D        | Found a transporter.
   241 | D        | Entered arena 5.
   241 | D        | Found a transporter.
   254 | D        | Entered arena 6.
   254 | D        | Found a transporter.
   258 | D        | Reached XP level 9. HP: 73/73 MP: 0/0
   258 | D        | Learned a level 4 spell: Airstrike
   262 | D        | Reached skill level 11 in Spellcasting
   287 | D        | Entered arena 7.
   288 | D        | Found a transporter.
   293 | D        | Reached skill level 10 in Fighting
   308 | D        | Entered arena 8.
   308 | D        | Noticed a wind drake
   308 | D        | Noticed a merfolk
   308 | D        | Noticed a merfolk
   308 | D        | Noticed a wind drake
   310 | D        | Found a transporter.
   317 | D        | Killed a wind drake
   322 | D        | Reached skill level 12 in Spellcasting
   328 | D        | Killed a wind drake
   329 | D        | Reached skill level 10 in Long Blades
   333 | D        | Killed a merfolk
   334 | D        | Reached XP level 10. HP: 16/82 MP: 0/0
   556 | D        | Entered arena 9.
   557 | D        | Found a transporter.
   645 | D        | Entered arena 10.
   654 | D        | Reached skill level 13 in Spellcasting
   706 | D        | Found a transporter.
   722 | D        | Entered arena 11.
   722 | D        | Noticed an eye of devastation
   729 | D        | Paralysed by a floating eye for 2 turns
   735 | D        | Killed an eye of devastation
   765 | D        | Found a transporter.
   783 | D        | Entered arena 12.
   783 | D        | Noticed a vampire knight
   784 | D        | Noticed a skeletal warrior
   785 | D        | Found a transporter.
   793 | D        | Killed a vampire knight
   794 | D        | Reached XP level 11. HP: 11/90 MP: 0/0
   794 | D        | Learned a level 4 spell: Animate Dead
   796 | D        | Killed a skeletal warrior
   797 | D        | Reached skill level 14 in Spellcasting
  1023 | D        | Reached XP level 12. HP: 98/98 MP: 0/0
  1027 | D        | Entered arena 13.
  1027 | D        | a manticore changed into a skyshark
  1027 | D        | Noticed a skyshark (glowing shapeshifter)
  1028 | D        | Noticed a cyan very ugly thing
  1029 | D        | Found a transporter.
  1034 | D        | Killed a skyshark
  1034 | D        | a glowing shapeshifter changed into a shock serpent
  1034 | D        | Noticed a shock serpent (glowing shapeshifter)
  1035 | D        | Reached skill level 15 in Spellcasting
  1035 | D        | Killed a shock serpent
  1037 | D        | Killed a cyan very ugly thing
  1122 | D        | Got the ring "Ycyomoc" {Fly rN+ Int+3}
  1149 | D        | Reached * piety under Ashenzari
  1149 | D        | Identified the +6 lajatang "Uvetz" {elec, rF+ rC++} (You
                  | found it in the Dungeon)
  1149 | D        | Identified the staff of poison "Zishril" {rPois Will+ MP+9
                  | Dex+3} (You found it in the Dungeon)
  1152 | D        | Entered arena 14.
  1153 | D        | Identified the staff of conjuration "Qyazxihu" {rN+ Stlth+}
  1153 | D        | Noticed a catoblepas
  1155 | D        | Identified the +9 dagger "Neneu" {spect, Will+}
  1160 | D        | Reached skill level 16 in Spellcasting
  1165 | D        | Killed a catoblepas
  1184 | D        | Found a transporter.
  1208 | D        | Entered arena 15.
  1209 | D        | Noticed a radroach
  1209 | D        | Noticed a fire crab
  1209 | D        | Noticed a cyan very ugly thing
  1209 | D        | Noticed a shock serpent
  1209 | D        | Identified the +8 trident of Widioxtue {speed, Int+3}
  1209 | D        | Identified the Anthology of the Tired Wishes
  1209 | D        | a redback changed into a swamp dragon
  1209 | D        | Noticed a swamp dragon (glowing shapeshifter)
  1209 | D        | a radroach changed into something unseen
  1210 | D        | a shock serpent changed into a shining eye
  1211 | D        | a water nymph changed into a skyshark
  1211 | D        | Noticed a skyshark (glowing shapeshifter)
  1212 | D        | Noticed a broodmother
  1213 | D        | a swamp dragon changed into a merfolk
  1213 | D        | a fire crab changed into a black mamba
  1214 | D        | Reached skill level 15 in Fighting
  1214 | D        | a skyshark changed into a wolf spider
  1215 | D        | Noticed an orb spider
  1218 | D        | Reached XP level 13. HP: 94/109 MP: 0/0
  1218 | D        | Learned a level 5 spell: Irradiate
  1218 | D        | a broodmother changed into a fire dragon
  1218 | D        | Noticed a fire dragon (glowing shapeshifter)
  1219 | D        | Killed a white very ugly thing
  1219 | D        | a fire dragon changed into a slime creature
  1220 | D        | Reached skill level 17 in Spellcasting
  1223 | D        | a komodo dragon changed into an entropy weaver
  1223 | D        | Noticed an entropy weaver (glowing shapeshifter)
  1340 | D        | Found a transporter.
  1340 | D        | Identified the +10 arbalest of the Enemy {elec, rC+ Str+3
                  | Int+3 Dex+2}
  1340 | D        | Identified the staff of poison "Qamp" {rPois Dex+5}
  1367 | D        | Entered arena 16.
  1368 | D        | Noticed a great orb of eyes
  1368 | D        | Noticed an azure jelly
  1368 | D        | Noticed a great orb of eyes
  1368 | D        | Noticed a rockslime
  1368 | D        | Identified the staff of cold "Wotubb" {rElec rC+}
  1372 | D        | Noticed an acid blob
  1373 | D        | Noticed an azure jelly
  1374 | D        | Noticed a rockslime
  1375 | D        | Noticed a rockslime
  1378 | D        | Slain by an azure jelly

Illustrated notes

Levels and vault maps discovered:
D:        sprint_v [room_start, room_1, room_2, room_3, room_4, room_5, room_6,
          room_7, room_8, room_9, room_10, room_11, room_12, room_13, room_14,
          room_15, room_16, room_17, room_18, room_19, room_20, room_21,
          room_22, room_23, room_24, room_25, room_26, room_27]

Skill      XL: |  1  2  3  4  5  6  7  8  9 10 11 12 13 |
---------------+----------------------------------------+-----
Fighting       | 8 9 11 12 13 15 | 15.9
Long Blades    | 7 8 10 11 13 14 | 14.4
Spellcasting   | 9 10 12 13 14 16 17 | 17.5
Dodging        | |  2.1
Stealth        | |  1.5

Action                     |  1- 3 |  4- 6 |  7- 9 | 10-12 | 13-15 || total
---------------------------+-------+-------+-------+-------+-------++-------
  Melee: Double sword      |     3 |       |    51 |    17 |       ||    71
         Bo                |       |       |       |       |     4 ||     4
   Cast: Flame Wave        |       |       |       |    20 |     5 ||    25
         Airstrike         |       |       |       |     2 |       ||     2
         Summon Guardian G |       |       |       |     1 |       ||     1
 Invoke: Curse Item        |       |       |       |     2 |       ||     2
  Evoke: Wand              |     2 |       |     1 |       |       ||     3
    Use: Potion            |       |       |     2 |     4 |     1 ||     7
   Stab: Invisible         |       |       |     1 |     1 |       ||     2
 Armour: Plate armour      |       |       |    80 |     5 |       ||    85
         Robe              |       |       |       |    12 |     6 ||    18
  Dodge: Dodged            |       |       |     3 |     4 |     2 ||     9
  Block: Kite shield       |     2 |       |   103 |    69 |    28 ||   202
